 Dungeon Crawl Stone Soup version 0.31.0-9-g3a7656b989 (webtiles) character file.

Game seed: 8037220550612666908

599 qw the Shooter (level 7, -8/35 HPs)
             Began as a Spriggan Hunter on Feb 2, 2024.
             Mangled by an ogre
             ... wielding a +0 giant spiked club
              (20 damage)
             ... on level 5 of the Dungeon.
             The game lasted 00:01:04 (3403 turns).

qw the Shooter (Spriggan Hunter)                    Turns: 3403, Time: 00:01:05

Health: -8/35      AC:  2    Str:  7    XL:     7   Next: 17%
Magic:  8/8        EV: 22    Int: 10    God:
Gold:   277        SH:  0    Dex: 21    Spells: 6/6 levels left

rFire   . . .        a - +2 shortbow
rCold   . . .        (shield currently unavailable)
rNeg    . . .        c - +0 robe
rPois   .            (helmet restricted)
rElec   .            (no cloak)
rCorr   .            (gloves unavailable)
SInv    +            (boots unavailable)
Will    +....        (no amulet)
Stlth   ++           (no ring)
HPRegen 0.25/turn    (no ring)
MPRegen 0.11/turn

%: no passive effects
@: very quick
A: very small, no large weapons, unfitting armour, see invisible, speed 3
a: no special abilities


You were on level 5 of the Dungeon.
You visited 1 branch of the dungeon, and saw 5 of its levels.

You collected 277 gold pieces.


Innate Abilities, Weirdness & Mutations

You are very small and have problems with some larger weapons.
You are too small for most types of armour.
You have supernaturally acute eyesight. (SInv)
You cover ground extremely quickly. (Speed+++)


   Skills:
 - Level 2.3 Fighting
 - Level 7.2 Ranged Weapons
 + Level 6.3 Dodging
 - Level 1.5 Stealth


You had 6 spell levels left.
You didn't know any spells.
Your spell library was empty.

Inventory:

Hand Weapons
 a - a +2 shortbow (weapon)
Armour
 c - a +0 robe (worn)
Scrolls
 e - a scroll of torment {unknown}
 f - 2 scrolls of teleportation
 g - a scroll of poison {unknown}
Potions
 b - a potion of enlightenment {unknown}
 d - a potion of heal wounds
 h - a potion of lignification {unknown}
 j - a potion of haste {unknown}

Dungeon Overview and Level Annotations

Branches:
Dungeon (5/15)
 Temple: D:4-7

Altars:


Message History

The hound completely misses you. The hound closely misses you.
The ogre hits you with a +0 giant spiked club!
You shoot an arrow. The arrow hits the hound.
The hound is moderately wounded.
The hound completely misses you.
You shoot an arrow. The arrow barely misses the hound.
The hound completely misses you. The ogre misses you.
The hound completely misses you.
You shoot an arrow. The arrow closely misses the hound.
The hound bites you. The ogre misses you.
You shoot an arrow. The arrow barely misses the hound.
The hound misses you. The hound closely misses you.
You shoot an arrow. The arrow hits the hound.
The hound is severely wounded.
The hound barely misses you. The ogre completely misses you.
You shoot an arrow. The arrow hits the hound!
You kill the hound!
The ogre misses you.
You shoot an arrow.
The arrow hits the ogre but does no damage.
The ogre is lightly wounded.
You shoot an arrow. The arrow hits the ogre.
The ogre is moderately wounded.
The ogre hits you with a +0 giant spiked club!
You shoot an arrow. The arrow hits the ogre.
The ogre is heavily wounded.
The ogre barely misses you.
You shoot an arrow.
The arrow hits the ogre but does no damage.
The ogre is heavily wounded.
You shoot an arrow. The arrow closely misses the ogre.
The ogre completely misses you.
You shoot an arrow. The arrow hits the ogre.
The ogre is heavily wounded.
The ogre misses you.
You shoot an arrow. The arrow hits the ogre.
The ogre is heavily wounded.
The ogre hits you with a +0 giant spiked club!!
Ouch! That really hurt!
You die...

#..# #........
#..########....##
#........#..##.#
#.######...###.#
##.# ##......#
#..# #.###..##
#.## #.# ##..#
#.# #.# #.[. #@#
#.# #.##
......O%.# ..#
#.## ..........#
.## #.##
...........# #
#.## ...........#
#.## ............
#...
............#
###.
...........## #.
#<


You could see an ogre.

Vanquished Creatures
  A water moccasin (D:5)
  A black bear (D:4)
  2 bombardier beetles
  2 orc priests (D:5)
  A hound (D:5)
  A sleepcap (D:3)
  2 iguanas
  8 adders
  2 ribbon worms
  2 dart slugs
  7 orcs
  4 ball pythons
  7 bats
  6 endoplasms
  3 giant cockroaches
  8 goblins
  7 hobgoblins
  10 kobolds
  3 quokkas (D:4)
  5 frilled lizards
  7 rats
89 creatures vanquished.

Notes
Turn   | Place    | Note
-------+----------+-------------------------------------------
     0 | D:1      | qw the Spriggan Hunter began the quest for the Orb.
     0 | D:1      | Reached XP level 1. HP: 10/10 MP: 2/2
     0 | D:1      | 0 ||| qw: Version: 0.3-a-155-g5e7d8dd
     0 | D:1      | 0 ||| qw: Game counter: 2834
     0 | D:1      | 0 ||| qw: Melee chars always use a shield: true
     0 | D:1      | 0 ||| qw: God list: Okawaru
     0 | D:1      | 0 ||| qw: Allow faded altars: false
     0 | D:1      | 0 ||| qw: Do Orc after clearing Dungeon:15 true
     0 | D:1      | 0 ||| qw: Do second Lair branch before Depths: true
     0 | D:1      | 0 ||| qw: Lair rune preference: random
     0 | D:1      | 0 ||| qw: Goals: Normal
     0 | D:1      | 0 ||| PLANNING D:1-11
    30 | D:1      | Reached skill level 3 in Dodging
    90 | D:1      | Reached XP level 2. HP: 14/14 MP: 3/3
   652 | D:1      | 652 ||| READING scroll labelled KEKAYP ULIRCH.
   652 | D:1      | 652 ||| IDENTIFYING fuming orange potion
   653 | D:1      | 653 ||| READING 3 scrolls labelled REHYAQ PYHOMN.
   654 | D:1      | 654 ||| READING scroll labelled OCUCZYNLAETY.
   659 | D:1      | 659 ||| READING scroll labelled NAIKUXT ECZU.
   660 | D:1      | 660 ||| READING scroll labelled ZAWKOWKAOTOTO.
   660 | D:1      | 660 ||| ENCHANTING +0 shortbow.
   661 | D:1      | 661 ||| DRINKING 2 fuming pink potions.
   765 | D:1      | 765 ||| DROPPING scroll of butterflies.
   766 | D:1      | 766 ||| DROPPING potion of invisibility.
   767 | D:1      | 767 ||| DROPPING potion of berserk rage.
   768 | D:1      | 768 ||| DROPPING 2 scrolls of amnesia.
   788 | D:2      | Reached XP level 3. HP: 18/18 MP: 4/4
  1208 | D:2      | Reached skill level 5 in Ranged Weapons
  1510 | D:2      | 1510 ||| DROPPING +6 ring of intelligence.
  1511 | D:2      | 1511 ||| READING 2 scrolls of identify.
  1511 | D:2      | 1511 ||| IDENTIFYING metallic puce potion
  1512 | D:2      | 1512 ||| READING scroll of identify.
  1512 | D:2      | 1512 ||| IDENTIFYING scroll labelled ZEEGULO KIPUV
  1513 | D:2      | 1513 ||| READING scroll labelled XAIQUAMNARUAD.
  1513 | D:2      | 1513 ||| ENCHANTING +1 shortbow.
  1514 | D:2      | 1514 ||| DROPPING scroll of revelation.
  1515 | D:2      | 1515 ||| DROPPING potion of brilliance.
  1579 | D:3      | 1579 ||| FLEEEEING.
  1580 | D:3      | 1580 ||| FLEEEEING.
  1581 | D:3      | 1581 ||| FLEEEEING.
  1584 | D:3      | 1584 ||| FLEEEEING.
  1585 | D:3      | 1585 ||| FLEEEEING.
  1586 | D:3      | 1586 ||| FLEEEEING.
  1587 | D:3      | 1587 ||| FLEEEEING.
  1588 | D:3      | 1588 ||| FLEEEEING.
  1589 | D:3      | 1589 ||| FLEEEEING.
  1590 | D:3      | 1590 ||| FLEEEEING.
  1591 | D:3      | 1591 ||| FLEEEEING.
  1592 | D:3      | 1592 ||| FLEEEEING.
  1593 | D:3      | 1593 ||| FLEEEEING.
  1594 | D:3      | 1594 ||| FLEEEEING.
  1601 | D:3      | 1601 ||| STAIRDANCE
  1686 | D:3      | Reached XP level 4. HP: 22/22 MP: 5/5
  1777 | D:3      | You fall into a shaft and drop 1 floor!
  1786 | D:4      | 1786 ||| READING scroll of enchant weapon.
  1786 | D:4      | 1786 ||| ENCHANTING +1 shortbow.
  1793 | D:4      | 1793 ||| STAIRDANCE
  1875 | D:3      | Reached XP level 5. HP: 27/27 MP: 6/6
  2471 | D:4      | Identified the +9 rapier of Ybouwkeonu {heavy, Dex+3}
  2500 | D:4      | Noticed a black bear
  2513 | D:4      | Killed a black bear
  2514 | D:4      | Reached skill level 6 in Ranged Weapons
  2514 | D:4      | Reached XP level 6. HP: 8/31 MP: 7/7
  2827 | D:4      | 2827 ||| FLEEEEING.
  2828 | D:4      | HP: 6/31 [poisoned by an adder]
  2830 | D:4      | 2830 ||| READING 3 scrolls of teleportation.
  2833 | D:4      | HP: 3/31 [poisoned by an adder]
  3129 | D:4      | 3129 ||| READING 2 scrolls of identify.
  3129 | D:4      | 3129 ||| IDENTIFYING murky emerald potion
  3130 | D:4      | 3130 ||| READING scroll of identify.
  3130 | D:4      | 3130 ||| IDENTIFYING fuming inky potion
  3131 | D:4      | 3131 ||| READING scroll labelled SEOSTO GIAJYTHRU.
  3132 | D:4      | 3132 ||| READING scroll labelled GICOFREDOU.
  3133 | D:4      | 3133 ||| DROPPING potion of degeneration.
  3139 | D:5      | Entered Level 5 of the Dungeon
  3180 | D:5      | 3180 ||| FLEEEEING.
  3181 | D:5      | 3181 ||| FLEEEEING.
  3182 | D:5      | 3182 ||| FLEEEEING.
  3184 | D:5      | 3184 ||| FLEEEEING.
  3190 | D:5      | Reached skill level 6 in Dodging
  3250 | D:5      | Noticed a water moccasin
  3258 | D:5      | Killed a water moccasin
  3259 | D:5      | Reached skill level 7 in Ranged Weapons
  3259 | D:5      | Reached XP level 7. HP: 25/35 MP: 8/8
  3403 | D:5      | Mangled by an ogre

Levels and vault maps discovered:
D:1:      sevenhm_arrival_forest_fort_small_3, layout_loops_ring, minivault_14,
          minmay_misc_feat_chi, minmay_tromino_v4_c
D:2:      layout_basic
D:3:      layout_basic, st_stairs_5, hangedman_decor_diamond_cutter
D:4:      layout_cave_pools, corexii_checkpoint, minmay_increasing_density
D:5:      layout_rooms, serial_curves, eino_curves_04, eino_curves_01,
          kennysheep_windowed_goal

Skill      XL: |  1  2  3  4  5  6 |
---------------+-------------------+-----
Dodging        | 3 4 5 6 |  6.3
Ranged Weapons | 5 6 7 |  7.2
Fighting       | 2 |  2.3
Stealth        | |  1.5

Action                     |  1- 3 |  4- 6 |  7- 9 || total
---------------------------+-------+-------+-------++-------
   Fire: Shortbow          |   121 |   140 |    21 ||   282
    Use: Scroll            |     8 |     6 |       ||    14
         Potion            |     1 |       |       ||     1
 Armour: Robe              |    15 |    23 |     5 ||    43
  Dodge: Dodged            |    50 |    61 |    18 ||   129

Table legend:
 A = Non-vault XP
 B = Vault XP
 C = Vault XP percentage of total XP
 D = Non-vault monster count
 E = Vault monster count
 F = Vault count percentage of total count
                 A         B        C        D         E       F
            +---------+---------+-------+---------+---------+-------
      Total |     663 |     194 |  22.6 |      75 |      14 |  15.7
            +---------+---------+-------+---------+---------+-------
        D:1 |      38 |       2 |   5.0 |      23 |       1 |   4.2
        D:2 |      45 |       2 |   4.3 |      13 |       1 |   7.1
        D:3 |     130 |       8 |   5.8 |      17 |       3 |  15.0
        D:4 |     282 |      29 |   9.3 |      15 |       8 |  34.8
        D:5 |     168 |     153 |  47.7 |       7 |       1 |  12.5
            +---------+---------+-------+---------+---------+-------
